 Dungeon Crawl Stone Soup version 0.31.0-11-ge490571c62 (webtiles) character file.

Game seed: 13067391449302074456

48 qw the Shooter (level 3, -3/20 HPs)
             Began as a Deep Elf Hunter on Feb 3, 2024.
             Slain by a gnoll
             ... wielding a +0 spear
              (5 damage)
             ... on level 2 of the Dungeon.
             The game lasted 00:00:07 (859 turns).

qw the Shooter (Deep Elf Hunter)                     Turns: 859, Time: 00:00:07

Health: -3/20      AC:  3    Str: 10    XL:     3   Next: 50%
Magic:  0/5        EV: 12    Int: 13    God:
Gold:   34         SH:  0    Dex: 18    Spells: 2/2 levels left

rFire   . . .        a - +0 shortbow
rCold   . . .        (shield currently unavailable)
rNeg    . . .        c - +0 leather armour
rPois   .            (no helmet)
rElec   .            (no cloak)
rCorr   .            (no gloves)
SInv    .            (no boots)
Will    .....        g - amulet of guardian spirit
Stlth   ++           (no ring)
HPRegen 0.23/turn    (no ring)
MPRegen 0.09/turn

%: guardian spirit
@: no status effects
A: no striking features
a: no special abilities


You were on level 2 of the Dungeon.
You visited 1 branch of the dungeon, and saw 2 of its levels.

You collected 34 gold pieces.


   Skills:
 - Level 1.5 Fighting
 + Level 7.0 Ranged Weapons
 - Level 2.4 Dodging
 - Level 1.2 Stealth


You had 2 spell levels left.
You didn't know any spells.
Your spell library was empty.

Inventory:

Hand Weapons
 a - a +0 shortbow (weapon)
Armour
 b - a +0 ring mail
 c - a +0 leather armour (worn)
Jewellery
 g - an amulet of guardian spirit (around neck)
 h - an amulet of the acrobat
Scrolls
 d - 3 scrolls of enchant armour
 f - a scroll of fear {unknown}
Potions
 e - a potion of degeneration {unknown}
 i - a potion of might {unknown}
 j - a potion of lignification {unknown}
 k - a potion of heal wounds {unknown}
 l - 2 potions of mutation {unknown}

Dungeon Overview and Level Annotations

Branches:
Dungeon (2/15)

Altars:


Message History

850 ||| FLEEEEING.
Enter note:
Enter note:
Enter note:
851 ||| RETREEEEATING.
The gnoll hits you with a +0 spear.
You shoot an arrow. The arrow hits the gnoll.
The gnoll is lightly wounded.
Enter note:
Enter note:
Enter note:
Enter note:
Enter note:
Enter note:
853 ||| RETREEEEATING.
The gnoll hits you with a +0 spear.
854 ||| RETREEEEATING.
The gnoll hits you from afar with a +0 spear.
You shoot an arrow. The arrow hits the gnoll!
The gnoll is heavily wounded.
The gnoll hits you from afar with a +0 spear.
The gnoll hits you with a +0 club.
Enter note:
Enter note:
Enter note:
856 ||| RETREEEEATING.
You open the door. The gnoll closely misses you.
The gnoll hits you from afar with a +0 spear.
The gnoll completely misses you.
857 ||| RETREEEEATING.
There is an open door here.
Enter note:
Enter note:
Enter note:
858 ||| RETREEEEATING.
You shoot an arrow. The arrow hits the gnoll.
The gnoll is heavily wounded.
The gnoll hits you from afar with a +0 spear.
The gnoll hits you with a +0 spear.
You die...

#...# #.##......##.#
....# #........###..
#########################
........................#
###.####.####.####.####.#
..'.'.)#.#..+.'..#.#.8#
..#.#..#.#..#.#..#.#..#
'##.#+##.#'##.#'##.#'##.#
................@gg.....#
'##.#+##.#+##.#+##g#%##.#
..#.#..#.#..#.# #.#..# #
.8#.#..'.'..#.# +.+..#
###.####.####.## #.####
................ ...
################ ###


You could see 3 gnolls.

Vanquished Creatures
  2 dart slugs
  2 ribbon worms (D:2)
  2 ball pythons (D:1)
  3 endoplasms
  4 giant cockroaches
  4 goblins
  3 hobgoblins
  A quokka (D:1)
  4 bats
  2 frilled lizards (D:1)
  3 kobolds
  8 rats
38 creatures vanquished.

Notes
Turn   | Place    | Note
-------+----------+-------------------------------------------
     0 | D:1      | qw the Deep Elf Hunter began the quest for the Orb.
     0 | D:1      | Reached XP level 1. HP: 12/12 MP: 3/3
     0 | D:1      | 0 ||| qw: Version: 0.3-a-158-g18b3111
     0 | D:1      | 0 ||| qw: Game counter: 4143
     0 | D:1      | 0 ||| qw: Melee chars always use a shield: true
     0 | D:1      | 0 ||| qw: God list: Okawaru
     0 | D:1      | 0 ||| qw: Allow faded altars: false
     0 | D:1      | 0 ||| qw: Do Orc after clearing Dungeon:15 true
     0 | D:1      | 0 ||| qw: Do second Lair branch before Depths: true
     0 | D:1      | 0 ||| qw: Lair rune preference: random
     0 | D:1      | 0 ||| qw: Goals: Normal
     0 | D:1      | 0 ||| PLANNING D:1-11
   115 | D:1      | Reached XP level 2. HP: 16/16 MP: 4/4
   130 | D:1      | Reached skill level 6 in Ranged Weapons
   479 | D:1      | 479 ||| UPGRADING to amulet of guardian spirit.
   484 | D:1      | 484 ||| READING 2 scrolls labelled AXA YTEWK.
   484 | D:1      | 484 ||| ENCHANTING +0 shortbow.
   485 | D:1      | 485 ||| READING scroll labelled SYKAEXTUTUTT.
   486 | D:1      | 486 ||| DROPPING scroll of butterflies.
   549 | D:2      | Reached XP level 3. HP: 20/20 MP: 5/5
   817 | D:2      | Reached skill level 7 in Ranged Weapons
   848 | D:2      | 848 ||| RETREEEEATING.
   849 | D:2      | 849 ||| RETREEEEATING.
   850 | D:2      | 850 ||| FLEEEEING.
   851 | D:2      | 851 ||| RETREEEEATING.
   853 | D:2      | 853 ||| RETREEEEATING.
   854 | D:2      | 854 ||| RETREEEEATING.
   856 | D:2      | 856 ||| RETREEEEATING.
   856 | D:2      | HP: 4/20 [gnoll/+0 spear (3)]
   857 | D:2      | 857 ||| RETREEEEATING.
   858 | D:2      | 858 ||| RETREEEEATING.
   859 | D:2      | Slain by a gnoll

Levels and vault maps discovered:
D:1:      elethiomel_arrival_diamonds, layout_rooms
D:2:      minmay_door_path, layout_basic, moated_statue

Skill      XL: |  1  2  3 |
---------------+----------+-----
Ranged Weapons | 6 7 |  7.0
Fighting       | |  1.5
Dodging        | |  2.4
Stealth        | |  1.2

Action                     || total
---------------------------++-------
   Fire: Shortbow          ||   110
    Use: Scroll            ||     2
 Armour: Leather armour    ||    20
  Dodge: Dodged            ||    17

Table legend:
 A = Non-vault XP
 B = Vault XP
 C = Vault XP percentage of total XP
 D = Non-vault monster count
 E = Vault monster count
 F = Vault count percentage of total count
                 A         B        C        D         E       F
            +---------+---------+-------+---------+---------+-------
      Total |      47 |      22 |  31.9 |      26 |      12 |  31.6
            +---------+---------+-------+---------+---------+-------
        D:1 |      30 |       9 |  23.1 |      17 |       7 |  29.2
        D:2 |      17 |      13 |  43.3 |       9 |       5 |  35.7
            +---------+---------+-------+---------+---------+-------
